 Dungeon Crawl Stone Soup version 0.30-a0-465-g8901f6c8b5 (webtiles) character file.

Game seed: 13054295699442182842

2535 cforsyth the Trooper (level 9, -2/70 (84) HPs)
             Began as an Armataur Gladiator on Dec 18, 2022.
             Was an Initiate of Okawaru.
             Slain by an orc warrior
             ... wielding a +0 glaive
              (4 damage)
             ... on level 6 of the Dungeon.
             The game lasted 00:11:41 (8141 turns).

cforsyth the Trooper (Armataur Gladiator)           Turns: 8141, Time: 00:11:41

HP:   -2/70 (84)    AC: 11    Str: 21    XL:     9   Next: 30%
MP:   18/18         EV:  6    Int: 11    God:    Okawaru [......]
Gold: 257           SH:  5    Dex: 12    Spells: 8/8 levels left

rFire   . . .      SeeInvis .    a - +0 flail
rCold   . . .      Faith    .    (no shield)
rNeg    . . .      Spirit   .    u - +0 chain mail
rPois   .          Reflect  +    c - +0 helmet
rElec   .          Harm     .    f - +0 cloak
rCorr   +          Roll     +    (no gloves)
Will    .....                    (no barding)
Stlth   ..........               b - amulet of Fagury {Reflect +Inv rCorr MP+9 SH+5 Stlth+}
HPRegen 0.31/turn                p - ring of wizardry
MPRegen 0.16/turn                (no ring)

@: heavily drained
A: large, rugged brown scales 3, deformed body, armoured tail, roll, long
tongue, awkward tongue
a: Renounce Religion, Evoke Invisibility


You were on level 6 of the Dungeon.
You worshipped Okawaru.
Okawaru was noncommittal.
You visited 2 branches of the dungeon, and saw 7 of its levels.

You collected 257 gold pieces.

Inventory:

Hand Weapons
 a - a +0 flail (weapon)
Missiles
 d - 3 throwing nets (quivered)
 e - a javelin
Armour
 c - a +0 helmet (worn)
 f - a +0 cloak (worn)
 u - a +0 chain mail (worn)
Jewellery
 b - the amulet of Fagury (around neck) {Reflect +Inv rCorr MP+9 SH+5 Stlth+}
   (You acquired it on level 4 of the Dungeon)

   [amulet of reflection]

   It reflects blocked missile attacks.
   MP:        It affects your magic capacity (+9).
   +Inv:      It lets you turn invisible.
   rCorr:     It protects you from acid and corrosion.
   SH:        It affects your SH (+5).
   Stlth:     It makes you more stealthy.
 p - a ring of wizardry (left hand)
Wands
 s - a wand of digging (12)
Scrolls
 h - a scroll of torment {unknown}
 l - 2 scrolls of vulnerability
 n - a scroll of poison {unknown}
 o - a scroll of blinking
 q - a scroll of fog {unknown}
 t - a scroll of summoning
 v - a scroll of brand weapon {unknown}
Potions
 g - 2 potions of cancellation
 k - 2 potions of flight
 m - 2 potions of curing


   Skills:
 + Level 7.5 Fighting
 + Level 7.4 Maces & Flails
 - Level 3.3 Throwing
 - Level 5.0 Armour
 - Level 3.2 Dodging


You had 8 spell levels left.
You didn't know any spells.
Your spell library contained the following spells:

 Spells                   Type           Power      Damage    Failure   Level
 Ignite Poison            Fire/Tmut/Pois 0%         N/A       97%         3
 Kindle Blastsparks       Fire/Tloc/Air  0%         2d10      97%         3
 Freezing Cloud           Conj/Ice/Air   0%         6-21      100%        5
 Malign Gateway           Summ/Tloc      Unusable   N/A       N/A         7
 Summon Horrible Things   Summ           Unusable   N/A       N/A         8

Dungeon Overview and Level Annotations

Branches:
Dungeon (6/15)             Temple (1/1) D:5

Altars:
Ashenzari
Cheibriados
Elyvilon
Fedhas
Gozag
Hepliaklqana
Kikubaaqudgha
Makhleb
Nemelex Xobeh
Okawaru
Qazlal
Ru
Sif Muna
Vehumet
Wu Jian
Xom
Yredelemnul
Zin


Innate Abilities, Weirdness & Mutations

You are completely covered in rugged brown scales. (AC +3, +7% HP)
Armour fits poorly on your strangely shaped body.
You have a long armoured tail.
You roll when moving toward enemies. (Rampage)
Your long tongue fully drains potion bottles. (2x potion effects)
Your tongue gives you trouble enunciating. (1.5x scroll delay)


Message History

The adder hisses angrily.
You hit the orc warrior.
The orc warrior is lightly wounded.
You block the orc warrior's attack.
You closely miss the orc warrior.
The orc warrior is lightly wounded.
The orc warrior hits you with a +0 glaive!
You hit the orc warrior. You tail-slap the orc warrior!
The orc warrior is heavily wounded.
You block the orc warrior's attack.
You closely miss the orc warrior.
The orc warrior is heavily wounded.
The orc warrior hits you with a +0 glaive!
You barely miss the orc warrior.
The orc warrior is heavily wounded.
The orc warrior hits you but does no damage.
You barely miss the orc warrior.
The orc warrior is heavily wounded.
The orc warrior hits you with a +0 glaive!
* * * LOW HITPOINT WARNING * * *
The adder bites you but does no damage.
You hit the orc warrior but do no damage.
The orc warrior is heavily wounded.
The orc warrior barely misses you. The adder barely misses you.
You closely miss the orc warrior.
You tail-slap the orc warrior, but do no damage.
The orc warrior is heavily wounded.
The adder bites you but does no damage. The orc warrior barely misses you.
You barely miss the orc warrior.
The orc warrior is heavily wounded.
The adder bites you but does no damage. You block the orc warrior's attack.
The adder barely misses you.
The orc warrior hits you with a +0 glaive.
* * * LOW HITPOINT WARNING * * *
The orc warrior attacks as you move away!
The orc warrior hits you with a +0 glaive!
* * * LOW HITPOINT WARNING * * *
The adder barely misses you.
The orc warrior hits you from afar with a +0 glaive.
You die...

##...........#
.............# ...
..............##### #.#
...#...........#.?.. #.#
#.......>..o......#
#.##...##..#####......#
#.#.....#..# ##o..#....
........#..#####.S#.# ### #
................@##.#####..
#.......##.#..)............
........##.#.######........
#.##.........######..####..
#.##..........##.....##
#.##.................(##
#..#.##................#
#....##.................#
...#.................<....


You could see an orc warrior and an adder.

Vanquished Creatures
  Pikel (D:4)
  Sigmund (D:5)
  A steam dragon (D:5)
  Duvessa (D:5)
  A sky beast (D:5)
  2 ice beasts
  3 ogres (D:4)
  A centaur (D:5)
  2 lemures (D:4)
  3 scorpions
  4 wights
  Dowan (D:5)
  2 hounds
  6 orc priests
  Ijyb (D:4)
  2 iguanas (D:5)
  2 orc wizards (D:4)
  Terence (D:3)
  7 adders
  A white imp (D:6)
  An ufetubus (D:5)
  A worm (D:2)
  5 dart slugs
  17 orcs
  6 endoplasms
  4 giant cockroaches
  6 goblins
  8 hobgoblins
  5 jackals
  5 kobolds
  2 quokkas
  2 ball pythons (D:1)
  2 bats
  3 frilled lizards
  8 rats
118 creatures vanquished.

Vanquished Creatures (collateral kills)
  A scorpion (D:4)
  A hound (D:4)
  A worm (D:4)
  An orc (D:4)
  An endoplasm (D:4)
5 creatures vanquished.

Grand Total: 123 creatures vanquished

Notes
Turn   | Place    | Note
-------+----------+-------------------------------------------
     0 | D:1      | cforsyth the Armataur Gladiator began the quest for the
                  | Orb.
     0 | D:1      | Reached XP level 1. HP: 18/18 MP: 1/1
   168 | D:1      | Reached XP level 2. HP: 25/25 MP: 2/2
   329 | D:1      | Reached XP level 3. HP: 29/31 MP: 3/3
  1016 | D:2      | Reached XP level 4. HP: 7/39 MP: 4/4
  1325 | D:2      | Found a faded altar of an unknown god.
  1674 | D:3      | Reached XP level 5. HP: 44/44 MP: 5/5
  1875 | D:3      | Noticed Terence
  1880 | D:3      | Killed Terence
  2280 | D:4      | Noticed Ijyb
  2286 | D:4      | Noticed an ogre
  2290 | D:4      | Reached XP level 6. HP: 36/54 MP: 6/6
  2873 | D:4      | Reached skill level 1 in Armour
  3160 | D:4      | Killed Ijyb
  3190 | D:4      | Reached XP level 7. HP: 35/62 MP: 7/7
  3642 | D:5      | Entered Level 5 of the Dungeon
  3642 | D:5      | Noticed Sigmund
  3645 | D:4      | Identified a scroll of acquirement
  3645 | D:4      | Acquired the amulet of Fagury {Reflect +Inv rCorr MP+9 SH+5
                  | Stlth+}
  3726 | D:5      | Noticed Duvessa
  3727 | D:5      | Noticed Dowan
  4375 | D:5      | Found a staircase to the Ecumenical Temple.
  4394 | D:5      | Killed Dowan
  4487 | D:5      | Reached skill level 5 in Maces & Flails
  4549 | D:5      | Noticed Pikel
  4590 | D:4      | Reached XP level 8. HP: 14/71 MP: 8/8
  5278 | D:4      | Reached skill level 5 in Fighting
  5556 | D:4      | Killed Pikel
  5557 | D:4      | Reached skill level 5 in Armour
  6268 | D:5      | Found a sparkling altar of Nemelex Xobeh.
  6283 | D:5      | Killed Duvessa
  6437 | D:5      | Killed Sigmund
  6438 | D:5      | Reached XP level 9. HP: 83/83 MP: 9/9
  6477 | Temple   | Entered the Ecumenical Temple
  6506 | Temple   | Became a worshipper of Warmaster Okawaru
  8141 | D:6      | HP: 2/70 [orc warrior/+0 glaive (13)]
  8141 | D:6      | Slain by an orc warrior

Illustrated notes

Levels and vault maps discovered:
D:1:      saegor_arrival_fortress, layout_basic
D:2:      layout_basic, shapermc_ecumenical_altar_mp_highgroup
D:3:      layout_basic, uniq_terence
D:4:      layout_rooms, serial_curves, eino_curves_04, eino_curves_02,
          eino_curves_01, eino_curves_03, uniq_ijyb
D:5:      layout_rooms, nemelex_xobeh_ov_fountains_minmay,
          minmay_temple_entry_proselytizer, uniq_sigmund, uniq_duvessa,
          uniq_pikel
D:6:      layout_rooms
Temple:   sentei_temple_godly_chess

Skill      XL: |  1  2  3  4  5  6  7  8  9 |
---------------+----------------------------+-----
Fighting       | 2 3 4 6 7 |  7.5
Throwing       | 2 3 |  3.3
Maces & Flails | 3 4 5 6 7 |  7.4
Dodging        | 3 |  3.2
Armour         | 2 4 5 |  5.0

Action                   |  1- 3 |  4- 6 |  7- 9 || total
-------------------------+-------+-------+-------++-------
Melee: Flail             |   128 |   148 |   225 ||   501
       Tailslap          |    14 |    15 |    40 ||    69
       Punch             |     2 |     3 |     3 ||     8
  Use: Potion            |     2 |       |     8 ||    10
       Scroll            |       |     2 |     6 ||     8
 Stab: Sleeping          |     1 |     1 |       ||     2
Armor: Leather armour    |    59 |    36 |       ||    95
       Chain mail        |       |    41 |   157 ||   198
Dodge: Dodged            |    77 |    70 |    80 ||   227
Block: Other             |       |       |    57 ||    57
       Reflection        |       |       |     1 ||     1

Table legend: (Time is in decaauts)
 A = Elapsed time spent in this place.
 B = Non-inter-level travel time spent in this place.
 C = Inter-level travel time spent in this place.
 D = Time resting spent in this place.
 E = Time spent auto-exploring this place.
 F = Levels seen in this place.
 G = Mean time per level.
                   A        B        C        D        E       F      G
               +--------+--------+--------+--------+--------+-----+--------+
         Total |   8250 |   8094 |    156 |   3581 |   3088 |   7 | 1178.6 |
       Dungeon |   8218 |   8065 |    153 |   3581 |   3070 |   6 | 1369.7 |
        Temple |     32 |     29 |      3 |      0 |     18 |   1 |   32.0 |
               +--------+--------+--------+--------+--------+-----+--------+

Top non-repeatable levels by time:
     D:4: 3585 daAuts
     D:5: 1501 daAuts
     D:3: 1356 daAuts
     D:2: 861 daAuts
     D:1: 697 daAuts
     D:6: 216 daAuts
  Temple: 32 daAuts
